[Event "*** Titled Tuesday 3|2 Blitz"]
[Site "Chess.com"]
[Date "2016.07.05"]
[Round "6"]
[White "Smirnov_Pavel"]
[Black "FairChess_on_YouTube"]
[Result "1/2-1/2"]
[WhiteElo "2554"]
[BlackElo "2718"]
[TimeControl "180+2"]
[EndTime "12:20:50 PDT"]
[Termination "Game drawn by repetition"]

1. d4 d5 2. c4 c6 3. Nf3 Nf6 4.
Nc3 a6 5. e3 Bf5 6. Ne5 Nbd7 7.
Qb3 Qc7 8. cxd5 Nxe5 9. dxe5 Nxd5 10. e4 Nxc3 11. exf5 Nd5 12. f4 O-O-O 13. Bd2 g5 14. fxg6 hxg6 15. g3 g5 16. O-O-O gxf4 17. gxf4 Bh6 18.
Bh3+ Kb8 19. Rhf1 f6 20. exf6 Nxf6 21. Kb1 Nd5 22. Bg2 Nxf4 23. Be4 Nd5 24. Bxh6 Rxh6 25.
Bxd5 cxd5 26. Rxd5 Rc8 27. a3 Rxh2 28. Rd4 Qc2+ 29.
Qxc2 Rhxc2 30. Re1 R2c7 31. Rde4 Re8 32. Re6 Kc8 33. Ka2 Kd7 34. Kb3 Rc6 35. R6e4 e6 36.
Ka4 Rc5 37. b4 Rc3 38. b5 axb5+ 39. Kb4 Rd3 40. Kxb5 Rxa3 41. Rd1+ Kc7 42. Rc1+ Kb8 43. Rce1 Ra6 44. Rf1 Rd8 45. Rf7 Rd5+ 46. Kb4 Rb6+ 47.
Kc3 Rc6+ 48. Kb4 Ka7 49. Re7 Rdd6 50. Re8 Kb6 51. Re7 Ka7 52. Re8 Rb6+ 53. Kc3 Rdc6+ 54. Kd2 Ra6 55. Re5 Ra2+ 56. Kd3 Ra3+ 57. Kd2 Raa6 58. Kd3 Rd6+ 59. Kc3 Rac6+ 60. Kb3 Rb6+ 61. Kc3 Rbc6+ 62. Kb3 b6 63. Kb4 Kb7 64. Re7+ Ka6 65. Re8 Rd4+ 66. Kb3 Rd3+ 67. Kb2 Rd2+ 68. Kb3 Rd3+ 69. Kb2 Rdd6 70. Kb3 Kb7 71. Kb4 Rd4+ 72. Kb3 Rd3+ 73. Kb4 Rd4+ 74. Kb3 Rdd6 75. Re7+ Kc8 76. Kb4 Kd8 77. Rh7 Rd5 78. Re1 Rd7 79. Rh8+ Kc7 80. Re8 Rd4+ 81. Kb3 Kd7 82. Rg8 Rd3+ 83. Kb2 Rcd6 84. Kc2 R3d5 85. Kb3 e5 86. Rg7+ Kc6 87. Re7 Rb5+ 88. Kc3 Rc5+ 89. Kb3 Rd3+ 90. Kb2 Rd2+ 91. Kb3 Rd3+ 92. Kb4 Rd4+ 93.
Kb3 Rd3+ 94. Kb2 Kd6 95. Re8 Rd2+ 96. Kb3 Rd3+ 97. Kb4 Rd4+ 98. Kb3 b5 99. Rd8+ Kc6 100. Rc8+ Kb6 101. Rxc5 Kxc5 102. Rxe5+ Kb6 103. Re3 Ka5 104. Kb2 b4 105. Kb1 Ka4 106. Rf3 Rd2 107. Rg3 Rf2 108. Rh3 b3 109. Rh8 Rf1+ 110. Kb2 Rf2+ 111. Kb1 Rf1+ 112. Kb2 Rf2+ 113. Kb1 Rf1+ 114. Kb2 Rf2+ 1/2-1/2

[Event "*** Titled Tuesday 3|2 Blitz"]
[Site "Chess.com"]
[Date "2016.07.05"]
[Round "7"]
[White "dretch"]
[Black "LazovT"]
[Result "1-0"]
[WhiteElo "2633"]
[BlackElo "2308"]
[TimeControl "180+2"]
[EndTime "12:24:15 PDT"]
[Termination "dretch won by resignation"]

1. d4 Nf6 2. c4 g6 3. Nc3 d5 4.
Bf4 Bg7 5. e3 O-O 6. Rc1 c6 7.
Nf3 Re8 8. Be2 Nbd7 9. O-O Nh5 10. cxd5 Nxf4 11. exf4 cxd5 12. Nxd5 Rb8 13. Qa4 Nb6 14.
Qxa7 Ra8 15. Qxb6 Qxd5 16. Bc4 Qe4 17. Bxf7+ 1-0

[Event "*** Titled Tuesday 3|2 Blitz"]
[Site "Chess.com"]
[Date "2016.07.05"]
[Round "7"]
[White "PowerThinking2650"]
[Black "annakantane"]
[Result "1-0"]
[WhiteElo "2162"]
[BlackElo "2233"]
[TimeControl "180+2"]
[EndTime "12:24:19 PDT"]
[Termination "PowerThinking2650 won by resignation"]

1. e4 d5 2. exd5 Qxd5 3. Nf3 e5 4. Nc3 Qe6 5. Bb5+ Bd7 6. O-O Bd6 7. Re1 c6 8. Ba4 Ne7 9. d4 f6 10. Bb3 Qf5 11. dxe5 Bxe5 12. Nxe5 fxe5 13. Ne4 Qg6 14. Nd6+ Kf8 15. Nf7 1-0

[Event "*** Titled Tuesday 3|2 Blitz"]
[Site "Chess.com"]
[Date "2016.07.05"]
[Round "7"]
[White "bilelou"]
[Black "Schemato"]
[Result "1-0"]
[WhiteElo "2281"]
[BlackElo "2209"]
[TimeControl "180+2"]
[EndTime "12:24:56 PDT"]
[Termination "bilelou won by resignation"]

1. d4 e6 2. c4 f5 3. g3 Nf6 4.
Nf3 c6 5. Bg2 d5 6. O-O Bd6 7. b3 Qe7 8. a4 a5 9. c5 Bc7 10. Bf4 Bxf4 11. gxf4 O-O 12. e3 Kh8 13. Nbd2 Rg8 14. Rb1 Bd7 15. b4 axb4 16. Rxb4 Be8 17. Qb3 Ra7 18. Rb1 Ne4 19. Rxb7 Rxb7 20. Qxb7 Qxb7 21. Rxb7 Bh5 22. Nxe4 fxe4 23. Ng5 h6 24. Nxe6 Na6 25. Rb6 Ra8 26. a5 Be2 27. Bf1 Bxf1 28. Kxf1 Kg8 29. Rxc6 Nb4 30. Rb6 Nd3 31. a6 1-0

[Event "*** Titled Tuesday 3|2 Blitz"]
[Site "Chess.com"]
[Date "2016.07.05"]
[Round "7"]
[White "Frolyanov_D"]
[Black "tigra"]
[Result "1-0"]
[WhiteElo "2468"]
[BlackElo "2452"]
[TimeControl "180+2"]
[EndTime "12:25:25 PDT"]
[Termination "Frolyanov_D won by resignation"]

1. e4 c5 2. Nf3 g6 3. d4 cxd4 4. Nxd4 Nc6 5. Nc3 Bg7 6. Be3 Nf6 7. Bc4 O-O 8. Bb3 d6 9. f3 Bd7 10. Qd2 Nxd4 11. Bxd4 b5 12. a4 b4 13. Nd5 Nxd5 14. Bxg7 Kxg7 15. exd5 Qa5 16. h4 e5 17. dxe6 Bxe6 18.
O-O-O Bxb3 19. cxb3 Qf5 20. Qd3 Rac8+ 21. Kb1 Qxd3+ 22.
Rxd3 Rfe8 23. Rhd1 Re2 24. R3d2 Re3 25. Rxd6 f5 26.
Rd7+ Kf6 27. Rxa7 Ke5 28. Re7+ Kf4 29. Rd4+ 1-0

[Event "*** Titled Tuesday 3|2 Blitz"]
[Site "Chess.com"]
[Date "2016.07.05"]
[Round "7"]
[White "FCChelsea14"]
[Black "Semetey"]
[Result "0-1"]
[WhiteElo "2405"]
[BlackElo "2452"]
[TimeControl "180+2"]
[EndTime "12:25:31 PDT"]
[Termination "Semetey won by resignation"]

1. d4 g6 2. Nf3 Bg7 3. c4 c5 4. e3 cxd4 5. Nxd4 Nc6 6. g3 Nf6 7. Bg2 O-O 8. O-O Nxd4 9. Qxd4 d6 10. Nc3 a6 11. Qd2 Qc7 12. b3 Be6 13.
Bb2 Rfc8 14. Rac1 Rab8 15. Rfd1 Qd8 16. a4 Qb6 17. Qc2 Bf5 18. e4 Bg4 19. Re1 Be6 20. Nd5 Nxd5 21. exd5 Bf5 22. Be4 Bxe4 23. Rxe4 Bxb2 24.
Qxb2 Qc7 25. Rce1 Re8 26. Qe2 Kf8 27. Qe3 h5 28. Qh6+ Kg8 29. g4 hxg4 30. Rxg4 Qa5 31. Rh4 Qxe1+ 32. Kg2 Qc3 0-1

[Event "*** Titled Tuesday 3|2 Blitz"]
[Site "Chess.com"]
[Date "2016.07.05"]
[Round "7"]
[White "Masterbeaterr"]
[Black "Aragon"]
[Result "0-1"]
[WhiteElo "2251"]
[BlackElo "2103"]
[TimeControl "180+2"]
[EndTime "12:26:22 PDT"]
[Termination "Aragon won by resignation"]

1. e4 d5 2. exd5 Qxd5 3. Nc3 Qd6 4. d4 Nf6 5. Nf3 c6 6. Ne5 Nbd7 7. f4 g6 8. g4 Bg7 9. g5 Nd5 10. Ne4 Qc7 11. c4 N5b6 12. Be3 Nxe5 13. fxe5 Bf5 14. Ng3 c5 15. Nxf5 gxf5 16. e6 fxe6 17. Qh5+ Kf8 18. O-O-O cxd4 19. Bd2 Nxc4 20. Kb1 d3 21. Bxd3 Nxb2 22.
Rc1 Qb6 23. Kc2 Rc8+ 0-1

[Event "*** Titled Tuesday 3|2 Blitz"]
[Site "Chess.com"]
[Date "2016.07.05"]
[Round "7"]
[White "Quiet_Desperation"]
[Black "thymathgeek"]
[Result "1-0"]
[WhiteElo "2181"]
[BlackElo "2067"]
[TimeControl "180+2"]
[EndTime "12:26:33 PDT"]
[Termination "Quiet_Desperation won by resignation"]

1. e4 e5 2. Nf3 Nc6 3. Bb5 a6 4. Ba4 Nf6 5. d3 Be7 6. c3 d6 7. O-O b5 8. Bc2 O-O 9. h3 Re8 10. Qe2 Bf8 11. Rd1 Bb7 12. Nbd2 Ne7 13. Nf1 c5 14. Ng3 g6 15. Bg5 Bg7 16. Qd2 Qc7 17. Bh6 d5 18. Qg5 c4 19. Bxg7 Kxg7 20. Nh4 Qc6 21.
Nhf5+ Nxf5 22. Nxf5+ Kh8 23. Nh6 Re7 24. dxc4 dxc4 25.
Rd2 Rae8 26. Rad1 Qe6 27. Rd6 Nxe4 28. Bxe4 f6 29. Rxe6 fxg5 30. Rxe7 Rxe7 31. Bxb7 Rxb7 32. Ng4 Kg7 33. Nxe5 1-0

[Event "*** Titled Tuesday 3|2 Blitz"]
[Site "Chess.com"]
[Date "2016.07.05"]
[Round "7"]
[White "FairChess_on_YouTube"]
[Black "viditchess"]
[Result "1-0"]
[WhiteElo "2724"]
[BlackElo "2535"]
[TimeControl "180+2"]
[EndTime "12:26:48 PDT"]
[Termination "FairChess_on_YouTube won by resignation"]

1. e4 e6 2. d4 d5 3. Nc3 Bb4 4. exd5 exd5 5. Bd3 Nc6 6. a3 Bxc3+ 7. bxc3 Nge7 8.
Qh5 Be6 9. Nf3 Qd7 10. Ng5 g6 11. Qe2 Bf5 12. O-O Bxd3 13. cxd3 h6 14. Nf3 O-O-O 15.
a4 g5 16. a5 Ng6 17. Qb2 g4 18. Nd2 Nf4 19. Nb3 Ne6 20. Be3 h5 21. Rfb1 b6 22.
Nc5 Nxc5 23. dxc5 b5 24. Qxb5 Qe6 25. Bf4 Kd7 26. Bxc7 Rc8 27. Bd6 1-0

[Event "*** Titled Tuesday 3|2 Blitz"]
[Site "Chess.com"]
[Date "2016.07.05"]
[Round "7"]
[White "David_Klein"]
[Black "Gabrielian_Artur"]
[Result "0-1"]
[WhiteElo "2426"]
[BlackElo "2510"]
[TimeControl "180+2"]
[EndTime "12:27:12 PDT"]
[Termination "Gabrielian_Artur won by resignation"]

1. e4 c5 2. Nf3 d6 3. d4 cxd4 4. Nxd4 Nf6 5. Nc3 a6 6. Bg5 Nbd7 7. Qe2 h6 8. Bh4 g6 9. O-O-O e5 10. Nb3 Be7 11. Qd2 Kf8 12. f3 Kg7 13. Bf2 b5 14. Kb1 Bb7 15. a3 Rc8 16. Bd3 Nc5 17. Be2 Qc7 18. Rc1 Rhd8 19. Rhd1 d5 20. exd5 Nxd5 21.
Nxd5 Bxd5 22. Qc3 Nxb3 23. Qxc7 Rxc7 24. cxb3 Rxc1+ 25. Rxc1 Bxb3 26. Be3 Bg5 27. Bxg5 hxg5 28. Rc3 Rd2 29. Bxb5 Rd1+ 30. Rc1 axb5 0-1

[Event "*** Titled Tuesday 3|2 Blitz"]
[Site "Chess.com"]
[Date "2016.07.05"]
[Round "7"]
[White "simplerXiao"]
[Black "ZapataCharlesS"]
[Result "0-1"]
[WhiteElo "2341"]
[BlackElo "2470"]
[TimeControl "180+2"]
[EndTime "12:27:15 PDT"]
[Termination "ZapataCharlesS won by resignation"]

1. e4 c5 2. Nf3 d6 3. d4 Nf6 4. Nc3 cxd4 5. Nxd4 a6 6. Be3 e5 7. Nde2 Be6 8. h3 h5 9. f4 Nbd7 10. f5 Bc4 11. Ng3 Bxf1 12. Rxf1 h4 13. Nge2 b5 14. a3 Rc8 15. Qd2 Nb6 16. b3 d5 17. Bxb6 Qxb6 18. exd5 Bc5 19. Rf3 O-O 20. Qg5 e4 21. Rf4 Be3 22. Qxh4 Bxf4 23. Qxf4 Rfd8 24. O-O-O b4 25. axb4 Qxb4 26. Kb2 Rc4 27. d6 a5 28. Qe5 a4 29. Nxa4 Qb8 30. Nec3 Rc6 31. Nb5 Re8 32. Qd4 Qxb5 33. d7 Rd8 34. c4 Qxf5 35. g4 Qxd7 0-1

[Event "*** Titled Tuesday 3|2 Blitz"]
[Site "Chess.com"]
[Date "2016.07.05"]
[Round "7"]
[White "Aguiar94"]
[Black "Tonychess32"]
[Result "0-1"]
[WhiteElo "2461"]
[BlackElo "2423"]
[TimeControl "180+2"]
[EndTime "12:27:16 PDT"]
[Termination "Tonychess32 won by resignation"]

1. e4 e6 2. d4 d5 3. Nd2 Ne7 4. e5 c5 5. c3 Nbc6 6. Ndf3 cxd4 7. cxd4 Nf5 8. g4 Nh4 9. a3 h6 10. Be3 Bd7 11. Bd3 Na5 12. Rc1 Ng2+ 13. Kf1 Nxe3+ 14. fxe3 Qb6 15. Qe2 Be7 16. Kg2 O-O 17. Nh3 Nc4 18. Bxc4 dxc4 19. Nf4 Bc6 20. e4 Rad8 21.
Rhd1 Bg5 22. Qe3 Qxb2+ 23. Kg3 Qb3 24. Qxb3 cxb3 25. Re1 a5 26. Rc3 a4 27. Nd3 Be7 28. Nc5 Bxc5 29. Rxc5 g5 30. h4 gxh4+ 31. Kxh4 b2 32. Rb1 Bxe4 33. Rxb2 Bxf3 0-1

[Event "*** Titled Tuesday 3|2 Blitz"]
[Site "Chess.com"]
[Date "2016.07.05"]
[Round "7"]
[White "Saitama_Hero"]
[Black "Hieronymus00"]
[Result "1-0"]
[WhiteElo "2107"]
[BlackElo "2140"]
[TimeControl "180+2"]
[EndTime "12:27:23 PDT"]
[Termination "Saitama_Hero won by resignation"]

1. d4 Nf6 2. c4 g6 3. Nc3 Bg7 4. e4 d6 5. Nf3 O-O 6. Be2 Nbd7 7. O-O e5 8. Re1 Re8 9. Bf1 exd4 10. Nxd4 Nc5 11.
f3 a5 12. b3 c6 13. Bf4 Nh5 14. Be3 Qf6 15. Qd2 Ne6 16. Nxe6 Bxe6 17. Ne2 c5 18.
Rad1 Bf8 19. Nc3 Ra6 20. Nb5 Rc8 21. Be2 Qg7 22. a4 Be7 23. Kh1 Qf6 24. g4 Ng7 25. g5 Qe5 26. Bf4 Bxg5 27. Bxg5 1-0

[Event "*** Titled Tuesday 3|2 Blitz"]
[Site "Chess.com"]
[Date "2016.07.05"]
[Round "7"]
[White "yopino"]
[Black "OparinGrigoriy"]
[Result "0-1"]
[WhiteElo "2409"]
[BlackElo "2650"]
[TimeControl "180+2"]
[EndTime "12:27:25 PDT"]
[Termination "OparinGrigoriy won by resignation"]

1. e4 c5 2. Nc3 d6 3. Bb5+ Bd7 4. a4 g6 5. f4 Bg7 6. Nf3 e6 7. O-O Ne7 8. d4 cxd4 9. Nxd4 Nbc6 10. Be3 O-O 11.
Qd2 a6 12. Bxc6 Nxc6 13. Rad1 Rc8 14. Nde2 Na5 15. b3 Qc7 16. Qxd6 Bxc3 17. Qxd7 Bg7 18.
Qxc7 Rxc7 19. Rd2 Rfc8 20. Bb6 Nc4 21. bxc4 Rxc4 22. Rfd1 h5 23. Rd8+ Rxd8 24. Rxd8+ Kh7 25. Rd7 Rxe4 26. Kf2 Kg8 27. a5 Rc4 28. Rxb7 Rxc2 29. Ra7 e5 30. Rxa6 exf4 31. Ra8+ Kh7 32. a6 Rb2 33.
Bc5 Rc2 34. Bb6 Rb2 35. Bd8 0-1

[Event "*** Titled Tuesday 3|2 Blitz"]
[Site "Chess.com"]
[Date "2016.07.05"]
[Round "7"]
[White "eltenedor"]
[Black "Makalexa"]
[Result "0-1"]
[WhiteElo "2027"]
[BlackElo "2180"]
[TimeControl "180+2"]
[EndTime "12:27:30 PDT"]
[Termination "Makalexa won by resignation"]

1. c4 c5 2. b3 g6 3. Bb2 Nf6 4.
Bxf6 exf6 5. Nc3 f5 6. g3 Bg7 7.
Bg2 O-O 8. Rc1 Nc6 9. Nh3 Qa5 10.
Qc2 Nb4 11. Qb2 Nxa2 12. Qxa2 Bxc3 13. Qc2 Bb4 14. Nf4 d5 15. Bxd5 Bd7 16. h4 Bc6 17.
h5 g5 18. Bxc6 bxc6 19. Nd3 Rad8 20. Rd1 Rfe8 21. h6 f6 22. f4 Qc7 23. O-O Rxe2 24. fxg5 Qxg3+ 0-1

[Event "*** Titled Tuesday 3|2 Blitz"]
[Site "Chess.com"]
[Date "2016.07.05"]
[Round "7"]
[White "rikyshi"]
[Black "Alliswell998"]
[Result "0-1"]
[WhiteElo "2109"]
[BlackElo "2177"]
[TimeControl "180+2"]
[EndTime "12:27:35 PDT"]
[Termination "Alliswell998 won by resignation"]

1. e4 c5 2. Nf3 d6 3. d4 cxd4 4. Nxd4 Nf6 5. Nc3 a6 6. Be2 e5 7. Nb3 Be7 8. Be3 Be6 9. O-O Nbd7 10. a4 Rc8 11. f4 Rxc3 12. bxc3 Nxe4 13. f5 Nxc3 14. Qd3 Nxe2+ 15. Qxe2 Bd5 16. Rad1 Nf6 17. c4 Bc6 18. a5 O-O 19. Bb6 Qc8 20. g4 Ne4 21.
Qe3 Bg5 22. Qh3 Ba4 23. Qd3 Bxb3 24. Qxb3 Nd2 25. Rxd2 Bxd2 26. f6 Qxg4+ 27. Qg3 Qxg3+ 28. hxg3 e4 29. Bc7 e3 30. Bxd6 e2 31. Bxf8 exf1=Q+ 32.
Kxf1 Kxf8 33. fxg7+ Kxg7 34. Ke2 Bxa5 35. Kd3 Bb6 36.
Ke4 Bc5 37. Kd5 b6 38. Kc6 a5 39. Kb5 Kf6 40. Ka4 Kg5 41. Kb5 Kg4 42. Ka6 a4 43. Kb7 a3 44. Kc7 a2 0-1

[Event "*** Titled Tuesday 3|2 Blitz"]
[Site "Chess.com"]
[Date "2016.07.05"]
[Round "7"]
[White "Wolverine_master"]
[Black "Blitzstream"]
[Result "1/2-1/2"]
[WhiteElo "2025"]
[BlackElo "2473"]
[TimeControl "180+2"]
[EndTime "12:27:39 PDT"]
[Termination "Game drawn by repetition"]

1. e4 d5 2. exd5 Qxd5 3. Nc3 Qa5 4. d4 Nf6 5. Nf3 Nc6 6. h3 Bf5 7. Bd3 Bxd3 8. Qxd3 O-O-O 9. Be3 e6 10. O-O g5 11.
Bxg5 Be7 12. Qe3 Rhg8 13. Bh4 Qh5 14. Rad1 Nd5 15. Nxd5 Bxh4 16. Nf4 Qh6 17. d5 exd5 18. Nxd5 Qh5 19. Nf4 Qh6 20. Nd5 Qh5 21. Nf4 Qh6 22. Nd5 1/2-1/2

[Event "*** Titled Tuesday 3|2 Blitz"]
[Site "Chess.com"]
[Date "2016.07.05"]
[Round "7"]
[White "BellJackson95"]
[Black "CraiggoryC"]
[Result "0-1"]
[WhiteElo "2170"]
[BlackElo "2094"]
[TimeControl "180+2"]
[EndTime "12:27:57 PDT"]
[Termination "CraiggoryC won by checkmate"]

1. d4 e6 2. c4 Nf6 3. Nf3 d5 4. g3 Be7 5. Bg2 O-O 6. O-O dxc4 7. Ne5 Nc6 8. Bxc6 bxc6 9. Nxc6 Qe8 10. Nxe7+ Qxe7 11. Qa4 e5 12. dxe5 Qxe5 13. Nc3 Bh3 14. Rd1 Rad8 15. Bf4 Qc5 16. Be3 Qh5 17. Qb5 Qxb5 18.
Nxb5 Rb8 19. Nxa7 Rxb2 20. Bc5 Re8 21. e3 Ne4 22. Rd5 Rxf2 23. Rad1 Rg2+ 24. Kf1 Rxh2+ 25. Kg1 Rg2+ 26. Kf1 Nxg3+ 27. Ke1 Re2# 0-1

[Event "*** Titled Tuesday 3|2 Blitz"]
[Site "Chess.com"]
[Date "2016.07.05"]
[Round "7"]
[White "GianmarcoVaR"]
[Black "Mornar1951"]
[Result "1-0"]
[WhiteElo "2394"]
[BlackElo "2483"]
[TimeControl "180+2"]
[EndTime "12:28:02 PDT"]
[Termination "GianmarcoVaR won by resignation"]

1. d4 Nf6 2. Nf3 d5 3. c3 c6 4. Bf4 Nh5 5. Bg5 h6 6. Bh4 g5 7. Bg3 Nxg3 8. hxg3 Bg7 9. Nbd2 Bf5 10. e3 Qb6 11. b4 a5 12. a3 Nd7 13. Nb3 axb4 14.
axb4 Rxa1 15. Qxa1 O-O 16. Qa5 Qd8 17. Qxd8 Rxd8 18.
Na5 Rb8 19. Kd2 Nf6 20. Bd3 Bxd3 21. Kxd3 Ne4 22. Rf1 Bf6 23. Nd2 Nd6 24. e4 dxe4+ 25. Nxe4 Nxe4 26. Kxe4 e6 27. g4 Bd8 28. Nb3 Ra8 29.
Ra1 Rxa1 30. Nxa1 Kf8 31. Nb3 Ke7 32. Na5 Bxa5 33. bxa5 Kd6 34. g3 f6 35. f4 c5 36. f5 cxd4 37. cxd4 Kd7 38. fxe6+ Kxe6 39. d5+ Kd6 40. Kd4 f5 41. gxf5 h5 42. f6 h4 43.
gxh4 gxh4 44. Ke4 Kd7 45. Kf4 Ke8 46. d6 1-0

[Event "*** Titled Tuesday 3|2 Blitz"]
[Site "Chess.com"]
[Date "2016.07.05"]
[Round "7"]
[White "Fandorine"]
[Black "wonderfultime"]
[Result "1-0"]
[WhiteElo "2650"]
[BlackElo "2679"]
[TimeControl "180+2"]
[EndTime "12:28:08 PDT"]
[Termination "Fandorine won by resignation"]

1. e4 c5 2. Nf3 d6 3. d4 cxd4 4. Qxd4 Nc6 5. Bb5 Bd7 6. Qd3 Nf6 7. c4 a6 8. Bxc6 bxc6 9. Nc3 Bg4 10. Nd4 Qc7 11.
h3 Bc8 12. O-O e5 13. Nf3 Be7 14. Be3 O-O 15. c5 dxc5 16. Na4 a5 17. Rfc1 Ba6 18. Qc2 c4 19. Bb6 Qb8 20. Bc5 Re8 21. Bxe7 Rxe7 22.
Nd2 Rd7 23. Nc5 Rd4 24. Nf3 Rd8 25. Nxa6 Rxa6 26. Qxc4 Rb6 27. b3 Rb4 28. Qxc6 Rxe4 29. Rd1 h6 30. Qa6 a4 31. bxa4 Rxd1+ 32. Rxd1 Qb2 33.
Qc8+ Kh7 34. Qf5+ 1-0

[Event "*** Titled Tuesday 3|2 Blitz"]
[Site "Chess.com"]
[Date "2016.07.05"]
[Round "7"]
[White "AndreyOstrovskiy"]
[Black "cabalista"]
[Result "1-0"]
[WhiteElo "2499"]
[BlackElo "2425"]
[TimeControl "180+2"]
[EndTime "12:28:14 PDT"]
[Termination "AndreyOstrovskiy won by resignation"]

1. e4 e5 2. Nf3 Nc6 3. Bb5 a6 4. Ba4 Nf6 5. O-O Be7 6. Re1 b5 7. Bb3 d6 8. c3 O-O 9. h3 Na5 10.
Bc2 c5 11. d3 Nc6 12. Nbd2 Nd7 13. Nf1 Nb6 14. Ng3 Be6 15. Nh2 d5 16. Qf3 d4 17.
Nf5 dxc3 18. bxc3 b4 19. Qg3 g6 20. Nxe7+ Qxe7 21. Ng4 Bxg4 22. Qxg4 bxc3 23. Bg5 f6 24.
Bh6 Rfb8 25. Bb3+ Kh8 26. Rac1 Nd4 27. Rxc3 a5 28. Rec1 Rc8 29. a3 Rab8 30. Ba2 Na4 31. Rc4 Nb2 32. Rxc5 Rxc5 33. Rxc5 Qxc5 34. Qd7 Ne2+ 35.
Kh2 1-0

[Event "*** Titled Tuesday 3|2 Blitz"]
[Site "Chess.com"]
[Date "2016.07.05"]
[Round "7"]
[White "oggy1984"]
[Black "alturas_pacificas"]
[Result "1-0"]
[WhiteElo "2297"]
[BlackElo "2150"]
[TimeControl "180+2"]
[EndTime "12:28:16 PDT"]
[Termination "oggy1984 won by resignation"]

1. e4 g6 2. d4 Bg7 3. Nc3 d6 4. f4 Nf6 5. Nf3 O-O 6. Bd3 Na6 7. e5 dxe5 8. fxe5 Nd5 9. Be4 Nxc3 10. bxc3 c5 11.
O-O Qa5 12. Bd2 Qa4 13. Rb1 Bg4 14. Rxb7 cxd4 15. Rxe7 dxc3 16. Bxa8 cxd2 17. Bd5 Nb4 18. Bb3 Qa5 19. Kh1 Qc5 20. Rb7 Bxe5 21. Qxd2 Bxf3 22.
Rxf3 Nc6 23. Rfxf7 Rxf7 24. Rxf7 Nd4 25. Rb7+ Nxb3 26. Qd8+ Qf8 27. Qd5+ Kh8 28. Qxe5+ 1-0

[Event "*** Titled Tuesday 3|2 Blitz"]
[Site "Chess.com"]
[Date "2016.07.05"]
[Round "7"]
[White "stefanodinn"]
[Black "rithwik2002"]
[Result "0-1"]
[WhiteElo "2243"]
[BlackElo "1932"]
[TimeControl "180+2"]
[EndTime "12:28:24 PDT"]
[Termination "rithwik2002 won by resignation"]

1. e4 e5 2. Nf3 Nc6 3. Bb5 a6 4.
Ba4 Nf6 5. O-O Be7 6. Re1 b5 7. Bb3 O-O 8. c3 d5 9. exd5 Nxd5 10.
Nxe5 Nxe5 11. Rxe5 c6 12. Bxd5 cxd5 13. d4 Bd6 14. Re3 Qh4 15. h3 Qf4 16. Re5 Qf6 17. Re1 Qg6 18. Qf3 Bf5 19. Be3 Be4 20. Qg4 Qxg4 21. hxg4 f5 22. gxf5 Bxf5 23. Nd2 Rae8 24. Nf1 b4 25. Bd2 bxc3 26. Bxc3 Kf7 27. f3 Bd7 28. a3 Bb5 29. Ne3 Bg3 30. Nxd5 Bxe1 31. Rxe1 Rxe1+ 32. Bxe1 Rd8 33. Nc3 Rxd4 34. Nxb5 axb5 35.
Bc3 Rd1+ 36. Kf2 h5 37. f4 g6 38. Kf3 Ke6 39. g4 Rf1+ 0-1

[Event "*** Titled Tuesday 3|2 Blitz"]
[Site "Chess.com"]
[Date "2016.07.05"]
[Round "7"]
[White "Abrito99"]
[Black "salomez"]
[Result "1-0"]
[WhiteElo "2335"]
[BlackElo "2134"]
[TimeControl "180+2"]
[EndTime "12:28:40 PDT"]
[Termination "Abrito99 won on time"]

1. e4 c5 2. d4 cxd4 3. c3 Nf6 4.
e5 Nd5 5. Nf3 Nc6 6. Bc4 Nb6 7.
Bb3 d6 8. exd6 e6 9. Nxd4 Nxd4 10. Qxd4 Qxd6 11. Be3 Qxd4 12. Bxd4 f6 13. Nd2 Be7 14. O-O Kf7 15. Rfe1 Bd7 16. Rad1 Rac8 17. Bxb6 axb6 18. Nc4 Ba4 19. Nd6+ Bxd6 20. Bxe6+ Kg6 21. Rxd6 Rc6 22. Rd4 Bb5 23. Re3 f5 24. Bd7 Rc5 25. b4 f4 26.
Re6+ Kf7 27. Rxf4+ 1-0

[Event "*** Titled Tuesday 3|2 Blitz"]
[Site "Chess.com"]
[Date "2016.07.05"]
[Round "7"]
[White "theprosecution1"]
[Black "Er_is_geen_hoop_meer"]
[Result "1-0"]
[WhiteElo "2509"]
[BlackElo "2334"]
[TimeControl "180+2"]
[EndTime "12:28:44 PDT"]
[Termination "theprosecution1 won by resignation"]

1. e4 e5 2. Nf3 Nf6 3. Nxe5 Nxe4 4. Qe2 Qe7 5. Qxe4 d6 6. d4 dxe5 7. dxe5 Nc6 8. Bf4 g5 9. Bd2 f5 10. Qe3 f4 11. Qe4 Bg7 12. Nc3 Qxe5 13. Bd3 Qxe4+ 14.
Bxe4 O-O 15. h4 g4 16. O-O-O Re8 17. Rhe1 Be5 18. Nd5 Be6 19. Bxf4 Bxd5 20. Bxd5+ Kg7 21. Re4 Bxf4+ 22. Rxf4 Ne5 23. Bxb7 Rab8 24. Ba6 Rb6 25. Bf1 Reb8 26. b3 a5 27. Re4 Kf6 28. Rd5 Re6 29. Rxa5 h5 30. a4 Rc8 31. Rc5 Nd7 32. Rxe6+ Kxe6 33.
Rxh5 c5 34. Be2 Ne5 35. Rg5 Rf8 36. Bxg4+ Kd6 37. f3 Kd5 38. h5 Kd4 39. Kd2 c4 40. c3+ Kd5 41. bxc4+ Kd6 42. h6 Nxc4+ 43. Kd3 Ne5+ 44.
Kd4 Rf4+ 45. Ke3 Rxa4 46. h7 Nf7 47. Rg7 Nh8 48. Rg8 Nf7 49. h8=Q Nxh8 50. Rxh8 Rc4 51. Rh6+ Ke5 52. Re6+ Kd5 53. Re8 Rxc3+ 54. Kf2 Rc2+ 55. Kg3 Kd6 56. Re4 Kd5 57. Bh3 Rb2 58. Re8 Kd6 59.
Kf4 Rb5 60. g4 Rb8 61. Rxb8 1-0

[Event "*** Titled Tuesday 3|2 Blitz"]
[Site "Chess.com"]
[Date "2016.07.05"]
[Round "7"]
[White "VSERGUEI"]
[Black "wnstop"]
[Result "1-0"]
[WhiteElo "2495"]
[BlackElo "2377"]
[TimeControl "180+2"]
[EndTime "12:28:47 PDT"]
[Termination "VSERGUEI won by resignation"]

1. d4 Nf6 2. c4 g6 3. Nc3 Bg7 4. e4 O-O 5. Be2 d6 6. Nf3 e5 7. Be3 Na6 8. O-O c6 9. d5 Ng4 10. Bd2 cxd5 11. cxd5 f5 12. Ng5 Nf6 13. Bc4 Nc7 14. f3 Qe8 15. Qb3 Bh6 16. a4 Bxg5 17. Bxg5 f4 18. Nb5 Nxb5 19. axb5 Nd7 20. Qa3 Nc5 21.
Bh4 g5 22. Bxg5 Qg6 23. Bh4 Bh3 24. Rf2 Kf7 25. Rd2 Rg8 26. Bf1 Qh5 27. Bf2 b6 28.
Bxc5 dxc5 29. b4 c4 30. Qc3 Kg7 31. gxh3 Kh8+ 32. Rg2 Qxh3 33. Qxe5+ 1-0

[Event "*** Titled Tuesday 3|2 Blitz"]
[Site "Chess.com"]
[Date "2016.07.05"]
[Round "7"]
[White "E-Shaposhnikov"]
[Black "Smirnov_Pavel"]
[Result "1-0"]
[WhiteElo "2663"]
[BlackElo "2546"]
[TimeControl "180+2"]
[EndTime "12:28:53 PDT"]
[Termination "E-Shaposhnikov won by resignation"]

1. Nf3 Nf6 2. c4 e6 3. Nc3 d5 4. d4 c6 5. g3 Nbd7 6. Bg2 Be7 7. O-O O-O 8. Nd2 b5 9. cxb5 cxb5 10. Nxb5 Qb6 11.
Nc3 Qxd4 12. Nb3 Qxd1 13. Rxd1 Bb7 14. Na5 Ba6 15. e4 dxe4 16. Nxe4 Nd5 17. Nc6 Rfe8 18. Nxe7+ Rxe7 19. b3 Ne5 20. Ba3 Ree8 21. Nd6 Red8 22.
Rac1 Be2 23. Bxd5 exd5 24. Rxd5 Ng6 25. f4 h5 26. Rc7 f6 27. Kf2 Bg4 28. Ra5 a6 29.
Rd5 a5 30. Rb5 a4 31. Rbb7 Rd7 32. Rxd7 Bxd7 33. b4 Bg4 34. b5 Rd8 35. b6 1-0

[Event "*** Titled Tuesday 3|2 Blitz"]
[Site "Chess.com"]
[Date "2016.07.05"]
[Round "7"]
[White "hypert"]
[Black "Ksenia_Legenko"]
[Result "1-0"]
[WhiteElo "2279"]
[BlackElo "2058"]
[TimeControl "180+2"]
[EndTime "12:28:55 PDT"]
[Termination "hypert won by resignation"]

1. e4 c6 2. d4 d5 3. Nc3 dxe4 4. Nxe4 Bf5 5. Ng3 Bg6 6. h4 h6 7.
Nf3 Nd7 8. h5 Bh7 9. Bd3 Bxd3 10.
Qxd3 e6 11. Bd2 Qc7 12. O-O-O Ngf6 13. Kb1 O-O-O 14. Ne4 Nxe4 15. Qxe4 Nf6 16. Qe2 Bd6 17. g3 Rhe8 18. c4 c5 19. Bc3 cxd4 20. Nxd4 a6 21. Nb3 Rd7 22. c5 Be7 23. Rxd7 Qxd7 24. Bxf6 Bxf6 25.
c6 bxc6 26. Qxa6+ Qb7 27. Qc4 Rd8 28. Rc1 Rd6 29. f4 Kd7 30. Nc5+ 1-0